 Dungeon Crawl Stone Soup version 0.23.2-33-g5129a83184 (webtiles) character file.

Game seed: 17877314428342504267

1196 kae the Cleaver (level 8, -2/74 HPs)
             Began as a Hill Orc Fighter on June 26, 2019.
             Slain by a sky beast (4 damage)
             ... on level 6 of the Dungeon.
             The game lasted 00:03:29 (4358 turns).

kae the Cleaver (Hill Orc Fighter)                  Turns: 4358, Time: 00:03:29

Health: -2/74      AC:  9    Str: 21    XL:     8   Next: 44%
Magic:  8/8        EV:  7    Int:  8    God:
Gold:   432        SH:  9    Dex: 10    Spells: 7/7 levels left

rFire    . . .     SeeInvis .   a - +0 war axe
rCold    . . .     Gourm    .   c - +0 shield
rNeg     . . .     Faith    .   b - +1 scale mail
rPois    .         Spirit   .   (no helmet)
rElec    .         Reflect  .   r - +0 cloak
rCorr    .         Harm     .   (no gloves)
MR       .....                  (no boots)
Stlth    ..........             (no amulet)
HPRegen  0.22/turn              (no ring)
MPRegen  0.11/turn              (no ring)

@: berserk cooldown, slowed, very slow
A: no striking features
a: no special abilities


You were on level 6 of the Dungeon.
You were hungry.

You visited 1 branch of the dungeon, and saw 6 of its levels.

You collected 432 gold pieces.

Inventory:

Hand Weapons
 a - a +0 war axe (weapon)
Armour
 b - a +1 scale mail (worn)
 c - a +0 shield (worn)
 r - a +0 cloak (worn)
Jewellery
 q - a +2 ring of protection {unknown}
 s - an uncursed amulet of magic regeneration
 t - an uncursed ring of flight {unknown}
Wands
 h - a wand of polymorph (3)
 j - a wand of iceblast (13)
Scrolls
 g - a scroll of fog
 k - 6 scrolls of remove curse
 l - 4 scrolls of teleportation
 u - a scroll of amnesia {unknown}
 v - a scroll of fear {unknown}
Potions
 d - 2 potions of might
 e - a potion of flight
 i - a potion of berserk rage
 m - 2 potions of cancellation
 n - a potion of degeneration {unknown}
 o - 3 potions of curing {unknown}
 p - 2 potions of ambrosia {unknown}
 x - a potion of brilliance {unknown}
Comestibles
 f - 10 rations
 w - a chunk of flesh


   Skills:
 + Level 7.7 Fighting
 * Level 10.7 Axes
 - Level 3.2 Armour
 - Level 3.2 Shields


You had 7 spell levels left.
You didn't know any spells.
Your spell library contained the following spells:

 Spells                   Type           Power        Failure   Level  Hunger
 Animate Skeleton         Necr           N/A          99%         1    ##.....
 Apportation              Tloc           #.....       99%         1    ##.....
 Confusing Touch          Hex            #.....       99%         1    ##.....
 Summon Small Mammal      Summ           #...         99%         1    ##.....


Dungeon Overview and Level Annotations

Branches:
Dungeon (6/15)
 Temple: D:4-7

Altars:
Nemelex Xobeh
Trog
Beogh

Annotations:
D:3 3 runed translucent doors, bmj180's ghost, amateur MiFi


Message History

* * * LOW HITPOINT WARNING * * *
Something hits you but does no damage.
You miss something. Something hits you.
* * * LOW HITPOINT WARNING * * *
Something shocks you.
* * * LOW HITPOINT WARNING * * *
Something hits you but does no damage.
You hit something but do no damage. Something hits you.
* * * LOW HITPOINT WARNING * * *
Something shocks you.
* * * LOW HITPOINT WARNING * * *
Something hits you but does no damage.
Your shield and scale mail prevent you from hitting something.
You are feeling hungry.
Something hits you but does no damage.
A sky beast appears from thin air!
Reactivating autopickup.
You block the sky beast's attack.
Okay, then.
The sky beast hits you.
You die...

#######
###./...############
........§.§Y@.......
........############
###......########..
#.....)........<.
#......)##.........
........##†........
..#.....##.........
. ####.###.........
#. #........)


You could see a sky beast.

Vanquished Creatures
  Eustachio (D:4)
  A water moccasin (D:5)
  An orc warrior (D:6)
  A phantom (D:5)
  2 bullfrogs
  2 howler monkeys (D:4)
  A centaur zombie (D:6)
  A bullfrog skeleton (D:5)
  A jelly (D:6)
  4 orc wizards
  4 worker ants
  6 gnolls
  9 adders
  A howler monkey skeleton (D:6)
  2 oozes
  An adder skeleton (D:5)
  A worm (D:2)
  A leopard gecko (D:3)
  9 orcs
  8 bats
  9 giant cockroaches
  8 goblins
  3 hobgoblins
  5 jackals
  6 kobolds
  A quokka (D:4)
  3 ball pythons
  6 frilled lizards
  A jackal skeleton (D:4)
  7 rats (D:1)
106 creatures vanquished.

Vanquished Creatures (collateral kills)
  A hound (D:6)
  A worker ant zombie (D:6)
  An adder (D:6)
  An adder zombie (D:6)
4 creatures vanquished.

Grand Total: 110 creatures vanquished

Notes
Turn   | Place    | Note
-------+----------+-------------------------------------------
     0 | D:1      | kae the Hill Orc Fighter began the quest for the Orb.
     0 | D:1      | Reached XP level 1. HP: 19/19 MP: 1/1
    66 | D:1      | Reached skill level 3 in Axes
   145 | D:1      | Reached XP level 2. HP: 27/27 MP: 2/2
   285 | D:1      | Reached skill level 4 in Axes
   286 | D:1      | Reached XP level 3. HP: 32/33 MP: 3/3
   732 | D:2      | Reached XP level 4. HP: 40/41 MP: 4/4
   761 | D:2      | Noticed a bullfrog
   772 | D:2      | Killed a bullfrog
   772 | D:2      | Reached skill level 5 in Axes
   772 | D:2      | Reached XP level 5. HP: 28/47 MP: 5/5
   803 | D:2      | Reached skill level 5 in Fighting
   997 | D:2      | Found a sparkling altar of Nemelex Xobeh.
  1246 | D:3      | Reached skill level 6 in Axes
  1704 | D:3      | Found a runed translucent gate.
  1704 | D:3      | Found a runed translucent gate.
  1704 | D:3      | Found a runed translucent gate.
  1706 | D:3      | Identified the cursed +0 chain mail of Intercession {Str+5
                  | Int+3 SInv}
  1709 | D:3      | Noticed bmj180's ghost (amateur MiFi)
  1712 | D:3      | Found a roughly hewn altar of Beogh.
  1946 | D:4      | Noticed Eustachio
  2006 | D:4      | Killed Eustachio
  2006 | D:4      | Reached skill level 7 in Axes
  2006 | D:4      | Reached XP level 6. HP: 35/57 MP: 6/6
  2650 | D:4      | Reached skill level 8 in Axes
  2650 | D:4      | Reached XP level 7. HP: 59/63 MP: 7/7
  3480 | D:5      | Entered Level 5 of the Dungeon
  3480 | D:5      | Found a bloodstained altar of Trog.
  3492 | D:5      | Reached skill level 9 in Axes
  3926 | D:5      | Reached XP level 8. HP: 54/73 MP: 8/8
  4218 | D:6      | Reached skill level 10 in Axes
  4355 | D:6      | HP: 1/74 [something (5)]
  4358 | D:6      | Slain by a sky beast

Skill      XL: |  1  2  3  4  5  6  7  8 |
---------------+-------------------------+-----
Axes           | 3 4 5 7 8 9 10 | 10.7
Fighting       | 4 5 6 7 |  7.7
Armour         | |  3.2
Shields        | |  3.2

Action                   |  1- 3 |  4- 6 |  7- 9 || total
-------------------------+-------+-------+-------++-------
Melee: War axe           |    65 |   135 |   159 ||   359
       Unarmed           |       |     4 |       ||     4
  Use: Scroll            |       |     6 |     5 ||    11
       Potion            |       |       |     1 ||     1
 Stab: Confused          |       |     2 |       ||     2
       Distracted        |       |       |     1 ||     1
  Eat: Chunk             |       |     5 |     6 ||    11
Armor: Scale mail        |    30 |    90 |    66 ||   186
Dodge: Dodged            |    18 |    58 |    38 ||   114
Block: Shield            |    34 |    88 |    59 ||   181
